 Dungeon Crawl Stone Soup version 0.31.0-11-ge490571c62 (webtiles) character file.

Game seed: 2683902582004490060

639 qw the Skirmisher (level 7, -2/40 HPs)
             Began as a Deep Elf Hunter on Feb 3, 2024.
             Was an Initiate of Okawaru.
             Incinerated by a bombardier beetle (4 damage)
             ... with a burning spray
             ... on level 5 of the Dungeon.
             The game lasted 00:00:13 (3102 turns).

qw the Skirmisher (Deep Elf Hunter)                 Turns: 3102, Time: 00:00:14

Health: -2/40      AC:  8    Str: 10    XL:     7   Next: 26%
Magic:  9/9        EV: 17    Int: 14    God:    Okawaru [......]
Gold:   144        SH:  0    Dex: 24    Spells: 6/6 levels left

rFire   . . .        a - +1 shortbow
rCold   . . .        (shield currently unavailable)
rNeg    . . .        e - +0 ring mail
rPois   .            o - +2 helmet
rElec   .            (no cloak)
rCorr   .            (no gloves)
SInv    .            (no boots)
Will    .....        j - amulet of faith
Stlth   +            c - +6 ring of dexterity
HPRegen 0.26/turn    i - +5 ring of evasion
MPRegen 0.11/turn

%: faith
@: on fire, glowing
A: no striking features
a: Renounce Religion


You were on level 5 of the Dungeon.
You worshipped Okawaru.
Okawaru was noncommittal.
You visited 2 branches of the dungeon, and saw 6 of its levels.

You collected 200 gold pieces.
You spent 56 gold pieces at shops.


   Skills:
 - Level 2.6 Fighting
 + Level 10.1 Ranged Weapons
 - Level 1.4 Armour
 - Level 4.0 Dodging
 - Level 1.2 Stealth


You had 6 spell levels left.
You didn't know any spells.
Your spell library was empty.

Inventory:

Hand Weapons
 a - a +1 shortbow (weapon)
Armour
 e - a +0 ring mail (worn)
 o - a +2 helmet (worn)
Jewellery
 c - a +6 ring of dexterity (left hand)
 h - an amulet of reflection
 i - a +5 ring of evasion (right hand)
 j - an amulet of faith (around neck)
Potions
 d - a potion of enlightenment {unknown}
 f - a potion of mutation
 l - a potion of heal wounds
 n - a potion of haste

Dungeon Overview and Level Annotations

Branches:
Dungeon (5/15)             Temple (1/1) D:5

Altars:
Ashenzari
Cheibriados
Dithmenos
Elyvilon
Fedhas
Gozag
Hepliaklqana
Kikubaaqudgha
Makhleb
Nemelex Xobeh
Okawaru
Ru
Sif Muna
Uskayaw
Vehumet
Wu Jian
Xom
Yredelemnul
The Shining One

Shops:
D:2 ?


Message History

A bombardier beetle comes into view.
You shoot an arrow.
The arrow hits the bombardier beetle but does no damage.
Found a bubbling green potion and a sedimented inky potion.
Found an escape hatch in the floor.
You shoot an arrow.
The arrow barely misses the bombardier beetle.
You shoot an arrow. The arrow hits the bombardier beetle.
The bombardier beetle is moderately wounded.
The bombardier beetle sprays incendiary fluid at you.
The burning spray hits you.
You are covered in liquid fire!
You shoot an arrow. The arrow hits the bombardier beetle.
The bombardier beetle is moderately wounded.
The liquid fire burns you!
You shoot an arrow. The arrow hits the bombardier beetle.
The bombardier beetle is heavily wounded.
The liquid fire burns you!
You shoot an arrow. The arrow hits the bombardier beetle.
The bombardier beetle is heavily wounded.
The liquid fire burns you!
The bombardier beetle sprays incendiary fluid at you.
The burning spray misses you.
You shoot an arrow. The arrow hits the bombardier beetle!
You kill the bombardier beetle!
Okawaru accepts your kill. The liquid fire burns you!
You are on fire!
The liquid fire burns you!
You are on fire!
The liquid fire burns you!
You are on fire!
The liquid fire burns you!
You are on fire!
The liquid fire burns you!
You are on fire!
The liquid fire burns you!
You are on fire!
The liquid fire burns you!
You die...

### .# #. ........
. ..)..#!#># ....
.#!####
#####..##.......
#...............
#......#..?.....
####......#@.......
...................
###......#.#......
###.............
#.####........ #.#
#.#..#### #.#
#.##..# #.# #.#
.... #.# .# #..


There were no monsters in sight!

Vanquished Creatures
  2 phantoms (D:4)
  2 scorpions
  2 bombardier beetles
  An orc priest (D:3)
  A sleepcap (D:4)
  An iguana (D:4)
  An orc wizard (D:5)
  6 gnolls
  7 adders
  2 dart slugs
  10 orcs
  7 endoplasms
  2 giant cockroaches
  6 goblins
  6 hobgoblins
  A jackal (D:4)
  3 quokkas
  6 ball pythons
  4 bats
  3 frilled lizards (D:1)
  9 kobolds
  5 rats
87 creatures vanquished.

Notes
Turn   | Place    | Note
-------+----------+-------------------------------------------
     0 | D:1      | qw the Deep Elf Hunter began the quest for the Orb.
     0 | D:1      | Reached XP level 1. HP: 12/12 MP: 3/3
     0 | D:1      | 0 ||| qw: Version: 0.3-a-155-g5e7d8dd
     0 | D:1      | 0 ||| qw: Game counter: 3067
     0 | D:1      | 0 ||| qw: Melee chars always use a shield: true
     0 | D:1      | 0 ||| qw: God list: Okawaru
     0 | D:1      | 0 ||| qw: Allow faded altars: false
     0 | D:1      | 0 ||| qw: Do Orc after clearing Dungeon:15 true
     0 | D:1      | 0 ||| qw: Do second Lair branch before Depths: true
     0 | D:1      | 0 ||| qw: Lair rune preference: random
     0 | D:1      | 0 ||| qw: Goals: Normal
     0 | D:1      | 0 ||| PLANNING D:1-11
   157 | D:1      | Reached XP level 2. HP: 16/16 MP: 4/4
   190 | D:1      | Reached skill level 6 in Ranged Weapons
   677 | D:1      | 677 ||| UPGRADING to +0 ring mail.
   687 | D:1      | 687 ||| DROPPING +0 leather armour.
   688 | D:1      | 688 ||| READING 2 scrolls labelled CIEMMU VENONI.
   688 | D:1      | 688 ||| IDENTIFYING smoky dark potion
   689 | D:1      | 689 ||| DROPPING scroll of butterflies.
   791 | D:2      | Reached XP level 3. HP: 20/20 MP: 5/5
   858 | D:2      | Reached skill level 7 in Ranged Weapons
   921 | D:2      | Found Xeetobli's Magic Scroll Shop.
   932 | D:2      | 932 ||| SHOPLISTING scroll of enchant armour (105 gold,
                  | have 58).
   932 | D:2      | 932 ||| BUYING scroll of identify (28 gold).
   932 | D:2      | Bought a scroll of identify for 28 gold pieces
   932 | D:2      | 932 ||| BUYING scroll of identify (28 gold).
   932 | D:2      | Bought a scroll of identify for 28 gold pieces
   952 | D:2      | HP: 5/20 [poisoned by an adder]
   954 | D:2      | Reached XP level 4. HP: 5/25 MP: 6/6
  1257 | D:2      | Found a faded altar of an unknown god.
  1522 | D:2      | 1522 ||| UPGRADING to amulet of reflection.
  1527 | D:2      | 1527 ||| UPGRADING to +6 ring of dexterity.
  1528 | D:2      | 1528 ||| UPGRADING to +5 ring of evasion.
  1529 | D:2      | 1529 ||| READING 3 scrolls of identify.
  1529 | D:2      | 1529 ||| IDENTIFYING red potion
  1530 | D:2      | 1530 ||| READING 2 scrolls of identify.
  1530 | D:2      | 1530 ||| IDENTIFYING scroll labelled PYDWUO SABLEUN
  1531 | D:2      | 1531 ||| READING scroll of identify.
  1531 | D:2      | 1531 ||| IDENTIFYING scroll labelled WEG UTUALIYH
  1532 | D:2      | 1532 ||| READING scroll of enchant weapon.
  1532 | D:2      | 1532 ||| ENCHANTING +0 shortbow.
  1533 | D:2      | 1533 ||| DROPPING scroll of immolation.
  1534 | D:2      | 1534 ||| DROPPING potion of brilliance.
  1676 | D:3      | Reached skill level 8 in Ranged Weapons
  1731 | D:3      | Found a faded altar of an unknown god.
  1747 | D:3      | Reached XP level 5. HP: 29/29 MP: 7/7
  1911 | D:3      | Reached skill level 3 in Dodging
  2041 | D:3      | Reached skill level 9 in Ranged Weapons
  2041 | D:3      | Reached XP level 6. HP: 23/34 MP: 8/8
  2464 | D:4      | 2464 ||| UPGRADING to +0 helmet.
  2469 | D:4      | 2469 ||| UPGRADING to amulet of faith.
  2479 | D:4      | 2479 ||| READING 5 scrolls of identify.
  2479 | D:4      | 2479 ||| IDENTIFYING pink potion
  2480 | D:4      | 2480 ||| READING 4 scrolls of identify.
  2480 | D:4      | 2480 ||| IDENTIFYING bubbling purple potion
  2481 | D:4      | 2481 ||| READING 3 scrolls of identify.
  2481 | D:4      | 2481 ||| IDENTIFYING scroll labelled QYODU DALL
  2482 | D:4      | 2482 ||| READING scroll of enchant armour.
  2482 | D:4      | 2482 ||| ENCHANTING +0 helmet.
  2483 | D:4      | 2483 ||| READING 2 scrolls of identify.
  2483 | D:4      | 2483 ||| IDENTIFYING scroll labelled KIYDAPL LIXUW
  2484 | D:4      | 2484 ||| READING scroll of identify.
  2484 | D:4      | 2484 ||| IDENTIFYING scroll labelled WIENWA OGIDGH
  2485 | D:4      | 2485 ||| READING 2 scrolls labelled UFAITU JAM.
  2586 | D:4      | 2586 ||| DROPPING scroll of vulnerability.
  2587 | D:4      | 2587 ||| DROPPING scroll of poison.
  2588 | D:4      | 2588 ||| DROPPING scroll of fog.
  2605 | D:3      | Found an ancient bone altar of Kikubaaqudgha.
  2634 | D:4      | Reached skill level 10 in Ranged Weapons
  2707 | D:4      | Reached skill level 1 in Armour
  2707 | D:4      | Reached XP level 7. HP: 38/40 MP: 9/9
  2924 | D:4      | 2924 ||| READING scroll of enchant armour.
  2924 | D:4      | 2924 ||| ENCHANTING +1 helmet.
  2925 | D:4      | 2925 ||| DROPPING +2 robe of willpower.
  2970 | D:5      | Entered Level 5 of the Dungeon
  2971 | D:5      | 2971 ||| STAIRDANCE
  2983 | D:5      | 2983 ||| STAIRDANCE
  3005 | D:5      | Found a staircase to the Ecumenical Temple.
  3006 | D:5      | 3006 ||| PLANNING TEMPLE
  3011 | Temple   | Entered the Ecumenical Temple
  3012 | Temple   | 3012 ||| PLANNING OKAWARU WORSHIP
  3022 | Temple   | Became a worshipper of Warmaster Okawaru
  3023 | Temple   | 3023 ||| PLANNING D:1-11
  3099 | D:5      | HP: 10/40 [burnt (4)]
  3101 | D:5      | HP: 2/40 [burnt (3)]
  3102 | D:5      | Incinerated by a bombardier beetle

Levels and vault maps discovered:
D:1:      nagdon_arrival_double_spiral, layout_basic
D:2:      layout_basic, serial_shops, shop,
          hellmonk_ecumenical_altar_pennies_from_heaven, nicolae_grassy_gnolls
D:3:      layout_loops_cross, nicolae_overflow_ecumenical_swirl
D:4:      minmay_skewed_foursquare, layout_rooms, kennysheep_flooded_box,
          minmay_misc_feat_four_crosses, minmay_fractal_squares_gapless_5
D:5:      layout_basic, temple_green, chequers_hall_statues_y,
          minmay_misc_feat_doors, minmay_gold_behind_fungi, uniq_blork_the_orc
Temple:   nicolae_temple_bog_church

Skill      XL: |  1  2  3  4  5  6  7 |
---------------+----------------------+-----
Ranged Weapons | 6 7 8 9 10 | 10.1
Dodging        | 3 4 |  4.0
Fighting       | 2 |  2.6
Armour         | 1 |  1.4
Stealth        | |  1.2

Action                     |  1- 3 |  4- 6 |  7- 9 || total
---------------------------+-------+-------+-------++-------
   Fire: Shortbow          |    81 |   153 |    28 ||   262
    Use: Scroll            |     1 |    11 |     1 ||    13
 Armour: Leather armour    |     1 |       |       ||     1
         Ring mail         |    17 |    21 |     5 ||    43
  Dodge: Dodged            |    26 |    36 |    13 ||    75
  Block: Other             |       |     8 |       ||     8

Table legend:
 A = Non-vault XP
 B = Vault XP
 C = Vault XP percentage of total XP
 D = Non-vault monster count
 E = Vault monster count
 F = Vault count percentage of total count
                 A         B        C        D         E       F
            +---------+---------+-------+---------+---------+-------
      Total |     669 |     245 |  26.8 |      77 |      10 |  11.5
            +---------+---------+-------+---------+---------+-------
        D:1 |      22 |       0 |   0.0 |      15 |       0 |   0.0
        D:2 |      70 |      43 |  38.1 |      20 |       3 |  13.0
        D:3 |     278 |       0 |   0.0 |      26 |       0 |   0.0
        D:4 |     200 |     202 |  50.2 |      12 |       7 |  36.8
        D:5 |      99 |       0 |   0.0 |       4 |       0 |   0.0
            +---------+---------+-------+---------+---------+-------
